 Dungeon Crawl Stone Soup version 0.30-a0-614-ge5ea1257c2 (webtiles) character file.

Game seed: 8552145909797142453

65 Oxelix the Stinger (level 3, -2/19 HPs)
             Began as a Deep Elf Venom Mage on Jan 9, 2023.
             Slain by a gnoll
             ... wielding a +2 flail of distortion
              (10 damage)
             ... on level 2 of the Dungeon.
             The game lasted 00:03:44 (1426 turns).

Oxelix the Stinger (Deep Elf Venom Mage)            Turns: 1426, Time: 00:03:44

Health: -2/19      AC:  2    Str:  5    XL:     3   Next: 92%
Magic:  5/10       EV: 12    Int: 21    God:
Gold:   50         SH:  0    Dex: 15    Spells: 9/10 levels left

rFire   . . .      SeeInvis .    c - +0 short sword
rCold   . . .      Faith    .    (no shield)
rNeg    . . .      Spirit   .    a - +0 robe
rPois   .          Reflect  .    (no helmet)
rElec   .          Harm     .    (no cloak)
rCorr   .          Rampage  .    (no gloves)
Will    .....                    (no boots)
Stlth   ++                       (no amulet)
HPRegen 0.23/turn                (no ring)
MPRegen 0.12/turn                (no ring)

@: no status effects
A: no striking features
a: no special abilities


You were on level 2 of the Dungeon.
You visited 1 branch of the dungeon, and saw 2 of its levels.

You collected 50 gold pieces.

Inventory:

Hand Weapons
 c - a +0 short sword (weapon)
Armour
 a - a +0 robe (worn)
 j - a +0 leather armour
Jewellery
 d - an amulet of the acrobat
Wands
 n - a wand of polymorph (15)
Scrolls
 f - 5 scrolls of identify {unknown}
 h - a scroll of magic mapping {unknown}
 i - a scroll of fear {unknown}
 k - a scroll of immolation {unknown}
 l - a scroll of noise {unknown}
Potions
 b - a potion of magic
 e - a potion of curing {unknown}
 g - 2 potions of heal wounds {unknown}
 m - a potion of mutation {unknown}
 o - a potion of attraction {unknown}


   Skills:
 - Level 2.4 Dodging
 - Level 2.4 Stealth
 + Level 4.0 Spellcasting
 + Level 1.1 Conjurations
 - Level 1.9 Transmutations
 + Level 4.3 Poison Magic


You had 9 spell levels left.
You knew the following spells:

 Your Spells              Type           Power      Damage    Failure   Level
a - Sting                 Tmut/Pois      68%        1d6       3%          1

Your spell library contained the following spells:

 Spells                   Type           Power      Damage    Failure   Level
 Poisonous Vapours        Pois/Air       26%        N/A       8%          2
 Mephitic Cloud           Conj/Pois/Air  11%        N/A       17%         3
 Olgreb's Toxic Radiance  Pois           22%        N/A       21%         4


Dungeon Overview and Level Annotations

Branches:
Dungeon (2/15)

Altars:


Message History

The sting hits the gnoll but does no damage.
The gnoll looks even sicker.
The gnoll is moderately wounded.
The gnoll attacks as you move away! The gnoll hits you with a +0 flail.
Casting: Sting (safe; 3% risk of failure)
Confirm with . or Enter, or press ? or * to list all spells.
Aiming: Sting (safe; 3% risk of failure)
Press: ? - help, Shift-Dir - straight line, f/p - gnoll
Aim: a gnoll, wielding a +0 flail (heavily wounded, very poisoned, 77% to hit)
The sting hits the gnoll.
The gnoll looks even sicker.
The gnoll is severely wounded.
The gnoll hits you with a +0 flail. The gnoll attacks as you move away!
The gnoll hits you with a +0 flail!
Ouch! That really hurt!
* * * LOW HITPOINT WARNING * * *
You kill the gnoll!
Your Spellcasting skill increases to level 4!
Your Conjurations skill increases to level 1!
Casting: Sting (safe; 3% risk of failure)
Confirm with . or Enter, or press ? or * to list all spells.
You can't see any susceptible monsters within range! (Use Z to cast anyway.) Unknown command.
Casting: Sting (safe; 3% risk of failure)
Confirm with . or Enter, or press ? or * to list all spells.
Aiming: Sting (safe; 3% risk of failure)
Press: ? - help, Shift-Dir - straight line, f - gnoll
Aim: a gnoll, wielding a +2 flail of distortion (77% to hit)
The sting hits the gnoll.
The gnoll is poisoned.
The gnoll is lightly wounded.
You see here a +0 dagger.
Casting: Sting (safe; 3% risk of failure)
Confirm with . or Enter, or press ? or * to list all spells.
Aiming: Sting (safe; 3% risk of failure)
Press: ? - help, Shift-Dir - straight line, f/p - gnoll
Aim: a gnoll, wielding a +2 flail of distortion (moderately wounded, poisoned, 77% to hit)
The sting hits the gnoll.
The gnoll looks even sicker.
The gnoll is heavily wounded.
The gnoll hits you with a +2 flail of distortion!
Ouch! That really hurt!
You die...

#...).).†# #.# #...#.####'###
#........# #.# #..........#
...........###.# #.......####
................####.......# #
............###....+....)..# #
.......########.####......#######
.......# #.....###.##........ ..
#.....###.##........
#..@..+.#.##........
#...g^#.#.##........
#...).#...##........
##........>......####
#................###
#............)...#
#........######### #.........
#....#.....


You could see a gnoll (very poisoned).

Vanquished Creatures
  2 gnolls (D:2)
  2 adders (D:2)
  2 ball pythons
  3 endoplasms
  3 goblins
  2 hobgoblins (D:1)
  3 jackals (D:1)
  A quokka (D:2)
  2 bats
  A frilled lizard (D:1)
  4 kobolds
  3 rats
28 creatures vanquished.

Notes
Turn   | Place    | Note
-------+----------+-------------------------------------------
     0 | D:1      | Oxelix the Deep Elf Venom Mage began the quest for the Orb.
     0 | D:1      | Reached XP level 1. HP: 10/10 MP: 6/6
   406 | D:1      | Reached XP level 2. HP: 15/15 MP: 5/8
  1074 | D:2      | Reached XP level 3. HP: 19/19 MP: 8/10
  1418 | D:2      | Reached skill level 1 in Conjurations
  1426 | D:2      | Slain by a gnoll

Illustrated notes

Levels and vault maps discovered:
D:1:      eino_arrival_tree_alley, layout_loops_corners, minmay_strange_pillars
D:2:      layout_basic, serial_glass, glass_columns_a, glass_columns_a

Skill      XL: |  1  2  3 |
---------------+----------+-----
Poison Magic   | 4 |  4.3
Spellcasting   | 4 |  4.0
Conjurations   | 1 |  1.1
Dodging        | |  2.4
Stealth        | |  2.4
Transmutations | |  1.9

Action                   || total
-------------------------++-------
Melee: Short sword       ||    13
       Unarmed           ||     1
 Cast: Sting             ||    47
Armor: Robe              ||     6
Dodge: Dodged            ||    11

Table legend: (Time is in decaauts)
 A = Elapsed time spent in this place.
 B = Non-inter-level travel time spent in this place.
 C = Inter-level travel time spent in this place.
 D = Time resting spent in this place.
 E = Time spent auto-exploring this place.
 F = Levels seen in this place.
 G = Mean time per level.
                   A        B        C        D        E       F      G
               +--------+--------+--------+--------+--------+-----+--------+
         Total |   1425 |   1411 |     14 |    167 |    963 |   2 |  712.5 |
       Dungeon |   1425 |   1411 |     14 |    167 |    963 |   2 |  712.5 |
               +--------+--------+--------+--------+--------+-----+--------+

Top non-repeatable levels by time:
     D:1: 939 daAuts
     D:2: 485 daAuts
